 Dungeon Crawl Stone Soup version 0.22-a0-799-g88f5e90 (webtiles) character file.

21 Hebeh the Conjurer (level 2, 0/15 HPs)
             Began as a Deep Elf Conjurer on July 21, 2018.
             Slain by a jackal (1 damage)
             ... on level 1 of the Dungeon.
             The game lasted 00:02:07 (473 turns).

Hebeh the Conjurer (Deep Elf Conjurer)               Turns: 473, Time: 00:02:08

Health: 0/15       AC:  2    Str:  5    XL:     2   Next: 65%
Magic:  1/8        EV: 13    Int: 19    God:
Gold:   9          SH:  0    Dex: 15    Spells: 7/8 levels left

rFire    . . .     SeeInvis .   i - +0 short sword
rCold    . . .     Gourm    +   (no shield)
rNeg     . . .     Faith    .   a - +0 robe
rPois    .         Spirit   .   (no helmet)
rElec    .         Reflect  .   (no cloak)
rCorr    .         Harm     .   (no gloves)
MR       .....                  (no boots)
Stlth    ++........             g - amulet of the gourmand
HPRegen  0.05/turn              (no ring)
MPRegen  0.11/turn              (no ring)

@: no status effects
A: no striking features
a: no special abilities


You were on level 1 of the Dungeon.
You were not hungry.

You visited 1 branch of the dungeon, and saw 1 of its levels.

You collected 9 gold pieces.

Inventory:

Hand Weapons
 i - a +0 short sword (weapon)
Armour
 a - a +0 robe (worn)
Jewellery
 g - an amulet of the gourmand (around neck)
Scrolls
 e - a scroll of identify {unknown}
Potions
 b - a potion of curing {unknown}
 d - a potion of berserk rage {unknown}
 f - a potion of brilliance {unknown}
 h - a potion of lignification {unknown}
Comestibles
 c - 2 rations


   Skills:
 - Level 2.4 Dodging
 - Level 2.4 Stealth
 + Level 3.8 Spellcasting
 + Level 4.9 Conjurations


You had 7 spell levels left.
You knew the following spells:

 Your Spells              Type           Power        Failure   Level  Hunger
a - Magic Dart            Conj           ###.         1%          1    None

Your spell library contained the following spells:

 Spells                   Type           Power        Failure   Level  Hunger
 Iskenderun's Mystic Bla  Conj           ###.....     19%         4    ####...
 Fulminant Prism          Conj/Hex       ##........   45%         4    ####...
 Dazzling Spray           Conj/Hex       ##....       16%         3    ###....
 Force Lance              Conj/Tloc      ##......     45%         4    ####...
 Searing Ray              Conj           ###...       2%          2    ##.....


Dungeon Overview and Level Annotations

Branches:
Dungeon (1/15)

Altars:


Message History

You hit the jackal but do no damage.
The jackal is almost dead.
The jackal barely misses you. x3
You hit the jackal.
You kill the jackal!
The jackal misses you. The jackal bites you.
* * * LOW HITPOINT WARNING * * *
You hit the jackal but do no damage. The jackal barely misses you.
The jackal closely misses you.
The jackal bites you but does no damage.
You closely miss the jackal. The jackal bites you.
* * * LOW HITPOINT WARNING * * *
The jackal barely misses you. x2; The jackal closely misses you.
You hit the jackal.
The jackal is lightly wounded.
The jackal closely misses you. x2
You completely miss the jackal.
The jackal is lightly wounded.
The jackal bites you.
You die...

.........# .#.......# ##########
.#.......########......>.########
.###...##.....).........)(.......
+# #.).##.## ####.......÷########
#......# #........#
#....#########.....)..#
..##.†..####...##........#
..h...........gh@...>....#
..#####..###...##h.......# .
#.....#...#####.#####
####.....#.....# ....
+........#.....##......
####.....#.....##......
##..........# ... #..........#
#..........#


You could see 2 jackals and a hobgoblin.

Vanquished Creatures
  An ooze (D:1)
  A leopard gecko (D:1)
  A goblin (D:1)
  A hobgoblin (D:1)
  4 jackals (D:1)
  2 kobolds (D:1)
  2 bats (D:1)
  A frilled lizard (D:1)
  2 rats (D:1)
15 creatures vanquished.

Notes
Turn   | Place    | Note
-------+----------+-------------------------------------------
     0 | D:1      | Hebeh the Deep Elf Conjurer began the quest for the Orb.
     0 | D:1      | Reached XP level 1. HP: 10/10 MP: 6/6
   236 | D:1      | Reached XP level 2. HP: 13/15 MP: 3/8
   473 | D:1      | Slain by a jackal

Vault maps used:
D:1:      minmay_arrival_shattered_statue, columned_hall_lemuel

Action                   || total
-------------------------++-------
Melee: Short sword       ||    10
 Cast: Magic Dart        ||    34
  Eat: Chunk             ||     3
Armor: Robe              ||     4
Dodge: Dodged            ||    27

Table legend:
 A = Spawn XP
 B = Non-spawn XP
 C = Spawn XP percentage of total XP
 D = Spawn monster count
 E = Non-spawn monster count
 F = Spawn count percentage of total count
 G = Total turns spent on level
                    A         B        C        D         E        F      G
               +---------+---------+-------+---------+---------+-------+---------
         Total |       0 |      31 |   0.0 |       0 |      15 |   0.0 |   473
               +---------+---------+-------+---------+---------+-------+---------
           D:1 |       0 |      31 |   0.0 |       0 |      15 |   0.0 |   473
               +---------+---------+-------+---------+---------+-------+---------
